 Dungeon Crawl Stone Soup version 0.30-a0-857-gcaf70739d4 (webtiles) character file.

Game seed: 15160247196710073209

15279 ragingrage the Cardsharp (level 11, -6/87 HPs)
             Began as a Demonspawn Delver on Mar 5, 2023.
             Was a High Priest of Nemelex Xobeh.
             Shot with a bolt by an orc knight (21 damage)
             ... on level 12 of the Dungeon on Mar 6, 2023.
             The game lasted 00:17:38 (11602 turns).

ragingrage the Cardsharp (Demonspawn Delver)       Turns: 11602, Time: 00:17:39

Health: -6/87      AC: 10    Str: 15    XL:     11   Next: 99%
Magic:  19/19      EV: 14    Int: 11    God:    Nemelex Xobeh [*****.]
Gold:   1228       SH:  6    Dex: 20    Spells: 10/10 levels left

rFire   . . .      SeeInvis .    a - +6 dagger "Adokio" {drain, Str+3}
rCold   . . .      Faith    .    P - +0 buckler
rNeg    + . .      Spirit   .    K - +2 leather armour {rPois}
rPois   +          Reflect  .    h - +0 helmet
rElec   .          Rampage  .    F - +0 cloak
rCorr   .                        G - +0 pair of gloves
Will    .....                    (boots unavailable)
Stlth   +++                      r - amulet of regeneration
HPRegen 1.14/turn                x - ring of positive energy
MPRegen 0.16/turn                (no ring)

@: no status effects
A: hooves 3, thin metallic scales 1, demonic guardian 2
a: Renounce Religion, Draw Escape, Draw Destruction, Draw Summoning, Triple
Draw, Deal Four, Stack Five


You were on level 12 of the Dungeon.
You worshipped Nemelex Xobeh.
Nemelex Xobeh was extremely pleased with you.
You visited 1 branch of the dungeon, and saw 12 of its levels.
You also visited: Bailey.

You collected 1282 gold pieces.
You spent 54 gold pieces at shops.

Inventory:

Hand Weapons
 a - the +6 dagger "Adokio" (weapon) {drain, Str+3}
   (You found it on level 7 of the Dungeon)

   Str:       It affects your strength (+3).
 E - a +1 hand axe of flaming
 T - a +3 scimitar of protection
Missiles
 i - 10 javelins (quivered)
 k - 18 boomerangs
 l - 7 datura-tipped darts
 v - 36 poisoned darts
 R - 10 curare-tipped darts
Armour
 b - a +0 troll leather armour
 h - a +0 helmet (worn)
 q - +0 acid dragon scales
 F - a +0 cloak (worn)
 G - a +0 pair of gloves (worn)
 K - a +2 leather armour of poison resistance (worn)
 P - a +0 buckler (worn)
Jewellery
 r - an amulet of regeneration (around neck)
 x - a ring of positive energy (left hand)
 N - the ring "Hestaum" {Ice Will+ Int+4}
   (You found it on level 8 of the Dungeon)

   [ring of ice]

   It enhances your ice magic.
   Int:       It affects your intelligence (+4).
   rF:        It makes you vulnerable to fire.
   rC:        It protects you from cold.
   Will:      It increases your willpower.
Wands
 g - a wand of digging (6)
 j - a wand of flame (28)
 o - a wand of charming (3)
 O - a wand of iceblast (5)
 Q - a wand of mindburst (4)
 U - a wand of polymorph (2)
Scrolls
 d - 5 scrolls of magic mapping
 e - a scroll of fear
 m - a scroll of amnesia
 n - a scroll of silence {unknown}
 p - a scroll of noise {unknown}
 u - 2 scrolls of blinking
 w - 4 scrolls of teleportation
 y - 2 scrolls of fog
 z - a scroll of vulnerability {unknown}
 A - a scroll of poison {unknown}
 B - a scroll of enchant armour {unknown}
Potions
 c - a potion of might
 f - 3 potions of haste
 s - 2 potions of heal wounds
 t - 2 potions of brilliance
 C - 2 potions of flight
 D - a potion of magic
 H - a potion of resistance {unknown}
 I - 6 potions of curing
 J - 2 potions of attraction
 L - 2 potions of mutation
 M - 3 potions of lignification


   Skills:
 + Level 8.5 Fighting
 - Level 7.9(10.0) Short Blades
 - Level 9.4(10.7) Long Blades
 + Level 2.3 Armour
 - Level 5.0 Dodging
 + Level 5.7 Stealth
 + Level 3.8 Shields
 + Level 11.3 Invocations
 + Level 2.4 Evocations


You had 10 spell levels left.
You didn't know any spells.
Your spell library contained the following spells:

 Spells                   Type           Power      Damage    Failure   Level
 Leda's Liquefaction      Hex/Erth       0%         N/A       99%         4
 Lee's Rapid Deconstruct  Erth           0%         3d4*      100%        5
 Statue Form              Tmut/Erth      0%         N/A       100%        6


Dungeon Overview and Level Annotations

Branches:
Dungeon (12/15)            Temple (0/1) D:4            Lair (0/5) D:11
 Bailey (visited)
    Orc: D:9-12

Altars:
Ashenzari
Dithmenos
Fedhas
Kikubaaqudgha
Nemelex Xobeh
Sif Muna
Vehumet
Xom

Shops:
D:4 *   D:7 (

Annotations:
D:3 Natasha
D:7 exclusion: downstairs
D:9 exclusion: downstairs


Innate Abilities, Weirdness & Mutations

You have hooves in place of feet.
You are partially covered in thin metallic scales. (AC +2)
A demonic guardian rushes to your aid.


Message History

You closely miss the orc knight.
You kick the orc knight, but do no damage.
The orc knight hits you with a +2 battleaxe of electrocution!
You are electrocuted!
You hit the orc knight but do no damage.
You drain the orc knight. You hit the orc knight. You drain the orc knight.
You kick the orc knight, but do no damage.
The orc knight completely misses you.
You hit the orc knight. You drain the orc knight.
You hit the orc knight but do no damage.
Your kick misses the orc knight. The orc knight closely misses you.
You hit the orc knight but do no damage.
You kick the orc knight, but do no damage.
You closely miss the orc knight. You kick the orc knight!
The orc knight hits you with a +2 battleaxe of electrocution!!
You hit the orc knight but do no damage.
You kick the orc knight, but do no damage.
You hit the orc knight but do no damage.
You drain the orc knight.
The orc knight hits you with a +2 battleaxe of electrocution!
You completely miss the orc knight.
You draw a card...
You have drawn the Orb.
Aim: an orc knight, wielding a +2 battleaxe of electrocution and wearing a +0 chain mail (moderately wounded, heavily drained)
The wavering orb of destruction weakly hits the orc knight!
The orc knight hits you with a +2 battleaxe of electrocution!
* * * LOW HITPOINT WARNING * * *
Your orb of destruction hits a metal wall. x2
Your orb of destruction hits a metal wall.
The orc knight unwields a +2 battleaxe of electrocution.
It stops crackling.
The orc knight wields a +0 arbalest.
The orc knight shoots a bolt.
The bolt hits you!
* * * LOW HITPOINT WARNING * * *
A demonic guardian appears!
Your orb of destruction hits a metal wall.
The orc knight shoots a bolt.
The bolt barely misses your ice devil. The bolt hits you!!
You die...
Your body glows slightly and disappears.

#################
.................
..#....#<...#.##
#....#.#'##
.########.# ####
........@.##.....
#................
#.######4...#####
#[...o....#
#.○.o.....#
#°....°...#
#...°.....#
#.........#
........○....


You could see an orc knight (very drained) and a friendly ice devil (summoned).

Vanquished Creatures
  Josephine (D:10)
  A two-headed ogre (D:8)
  Lodul (D:11)
  A manticore (D:11)
  An ugly thing (D:11)
  A cyclops (D:11)
  Maurice (D:11)
  A troll (D:10)
  A shadow (D:11)
  A wyvern (D:11)
  2 basilisks (D:11)
  12 yaks
  4 wraiths (D:10)
  A vampire mosquito (D:9)
  A steam dragon (D:6)
  2 acid dragons (D:8)
  3 water moccasins
  5 orc warriors
  An ice beast (D:8)
  2 black bears (D:6)
  9 centaurs
  6 ogres
  3 phantoms
  5 kobold brigands (Bailey)
  A gnoll sergeant (D:9)
  A scorpion (D:4)
  A wight (D:7)
  6 killer bees (D:9)
  A howler monkey (D:6)
  4 hounds
  3 orc priests
  4 jellies
  Terence (D:3)
  Jessica (D:2)
  6 iguanas
  3 sleepcaps
  6 orc wizards
  A statue (D:5)
  Robin (D:3)
  10 gnolls
  5 adders
  2 white imps
  2 worms
  26 orcs
  8 endoplasms
  15 goblins
  6 hobgoblins
  3 jackals (D:3)
  4 quokkas
  8 ball pythons
  5 bats
  7 frilled lizards
  11 kobolds
  3 rats
221 creatures vanquished.

Vanquished Creatures (collateral kills)
  A boulder beetle (D:11)
  2 two-headed ogres
  Urug (D:11)
  A gargoyle (D:10)
  A yaktaur (shapeshifter) (D:10)
  2 wraiths (D:10)
  A yak (D:11)
  A basilisk (D:11)
  A vampire mosquito (D:9)
  A water moccasin (D:11)
  3 orc warriors (Bailey)
  A centaur (D:5)
  A kobold brigand (Bailey)
  2 wights (D:6)
  A gnoll (D:6)
  An orc (D:6)
  A ball python (D:2)
  A bat (D:1)
  A frilled lizard (D:6)
  A rat (D:6)
25 creatures vanquished.

Vanquished Creatures (others)
  5 bushes (D:11)
  3 fungi (D:11)
  15 plants (D:11)
23 creatures vanquished.

Grand Total: 269 creatures vanquished

Notes
Turn   | Place    | Note
-------+----------+-------------------------------------------
     0 | D:5      | ragingrage the Demonspawn Delver began the quest for the
                  | Orb.
     0 | D:5      | Reached XP level 1. HP: 18/18 MP: 1/1
    11 | D:5      | Noticed a jelly
    63 | D:5      | Noticed a jelly
    78 | D:5      | Killed a jelly
    79 | D:5      | Gained mutation: A weak demonic guardian rushes to your
                  | aid. [demonic ancestry]
    79 | D:5      | Reached XP level 2. HP: 6/24 MP: 2/2
    79 | D:5      | Gained mutation: You have large cloven feet. [demonic
                  | ancestry]
    79 | D:5      | Reached XP level 3. HP: 7/29 MP: 3/3
   320 | D:5      | Gained mutation: You are partially covered in thin metallic
                  | scales. (AC +2) [demonic ancestry]
   320 | D:5      | Reached XP level 4. HP: 35/35 MP: 4/4
   320 | D:5      | Noticed a centaur
   329 | D:5      | Killed a centaur
   330 | D:5      | Gained mutation: A demonic guardian rushes to your aid.
                  | [demonic ancestry]
   330 | D:5      | Reached XP level 5. HP: 29/41 MP: 5/5
   464 | D:5      | Upgraded the game from 0.30-a0-852-g08b95dd62f to
                  | 0.30-a0-857-gcaf70739d4
   481 | D:5      | Reached skill level 5 in Long Blades
   492 | D:4      | Found a sparkling altar of Nemelex Xobeh.
   547 | D:4      | Became a worshipper of Nemelex Xobeh the Trickster
   637 | D:4      | Found a shadowy altar of Dithmenos.
  1166 | D:1      | Reached * piety under Nemelex Xobeh
  1236 | D:1      | Received a gift from Nemelex Xobeh
  1443 | D:1      | Found Bigad's Armour Shoppe.
  1823 | D:2      | Found an ancient bone altar of Kikubaaqudgha.
  2051 | D:2      | Reached skill level 1 in Invocations
  2337 | D:2      | Noticed Jessica
  2342 | D:2      | Killed Jessica
  2810 | D:3      | Reached skill level 2 in Invocations
  2918 | D:3      | Reached ** piety under Nemelex Xobeh
  2928 | D:3      | Noticed Robin
  3054 | D:3      | Killed Robin
  3055 | D:3      | Reached XP level 6. HP: 47/47 MP: 7/7
  3178 | D:3      | Noticed Natasha
  3298 | D:3      | Noticed Terence
  3461 | D:3      | Killed Terence
  3851 | D:4      | Reached skill level 3 in Invocations
  3862 | D:4      | Found a staircase to the Ecumenical Temple.
  3912 | D:4      | Found Raybbudu's Neck Hole.
  3925 | D:4      | Bought a +0 cloak for 54 gold pieces
  4027 | D:4      | Received a gift from Nemelex Xobeh
  4362 | D:5      | Reached skill level 4 in Invocations
  4362 | D:5      | Reached XP level 7. HP: 49/52 MP: 8/10
  4397 | D:5      | Found a radiant altar of Vehumet.
  4553 | D:5      | Reached skill level 5 in Stealth
  4605 | D:5      | Reached *** piety under Nemelex Xobeh
  4817 | D:5      | Found a shimmering altar of Xom.
  4817 | D:5      | Found a shimmering blue altar of Sif Muna.
  5189 | D:6      | Reached skill level 5 in Invocations
  5599 | D:6      | Gained mutation: You have hoof-like feet. [demonic
                  | ancestry]
  5599 | D:6      | Reached XP level 8. HP: 58/58 MP: 11/11
  5998 | D:7      | Identified the +6 dagger "Adokio" {drain, Str+3}
  6111 | D:7      | Found Tyclum's Weapon Emporium.
  6315 | D:7      | Gained mutation: You have hooves in place of feet. [demonic
                  | ancestry]
  6315 | D:7      | Reached XP level 9. HP: 52/63 MP: 12/12
  6920 | D:8      | Reached skill level 5 in Short Blades
  7130 | D:8      | Noticed a two-headed ogre
  7145 | D:8      | Killed a two-headed ogre
  7492 | D:8      | Identified the ring "Hestaum" {Ice Will+ Int+4}
  7659 | D:8      | Received a gift from Nemelex Xobeh
  7816 | D:8      | Found a broken altar of Ashenzari.
  7903 | D:9      | Reached XP level 10. HP: 61/70 MP: 14/14
  7906 | D:9      | Reached skill level 6 in Invocations
  7939 | D:9      | Reached **** piety under Nemelex Xobeh
  8054 | D:9      | Noticed a two-headed ogre
  8068 | D:9      | Killed a two-headed ogre
  8069 | D:9      | Reached skill level 7 in Invocations
  8301 | D:9      | Reached skill level 5 in Fighting
  8445 | D:9      | Found a blossoming altar of Fedhas.
  8631 | D:9      | Received a gift from Nemelex Xobeh
  9277 | D:10     | Entered Level 10 of the Dungeon
  9277 | D:10     | Noticed Josephine
  9323 | D:10     | Received a gift from Nemelex Xobeh
  9456 | D:10     | Found a flagged portal.
  9486 | Bailey   | Entered a bailey
  9570 | Bailey   | Reached skill level 1 in Shields
  9630 | Bailey   | Reached skill level 8 in Invocations
  9646 | Bailey   | Found a bloodstained altar of Trog.
  9659 | Bailey   | Identified the +0 pair of boots "Zarof" {Harm}
  9804 | D:10     | Killed Josephine
  9817 | D:10     | Reached skill level 5 in Dodging
  9822 | D:10     | Reached XP level 11. HP: 74/81 MP: 17/17
  9908 | D:10     | Received a gift from Nemelex Xobeh
  9978 | D:10     | Noticed a fire crab
  9980 | D:10     | a fire crab changed into a yaktaur
  9987 | D:10     | Reached skill level 9 in Invocations
 10314 | D:10     | Reached ***** piety under Nemelex Xobeh
 10383 | D:11     | Noticed Lodul
 10442 | D:11     | Noticed a two-headed ogre
 10452 | D:11     | Killed a two-headed ogre
 10527 | D:11     | Killed Lodul
 10528 | D:11     | Reached skill level 10 in Invocations
 10700 | D:11     | Noticed a green ugly thing
 10716 | D:11     | Killed a green ugly thing
 10777 | D:11     | Found a staircase to the Lair.
 10832 | D:11     | Reached skill level 1 in Evocations
 10838 | D:11     | Reached skill level 1 in Armour
 10854 | D:11     | Reached skill level 11 in Invocations
 10915 | D:11     | Received a gift from Nemelex Xobeh
 10954 | D:11     | Noticed Urug
 11045 | D:11     | Noticed Maurice
 11053 | D:11     | Killed Maurice
 11065 | D:11     | Noticed a boulder beetle
 11193 | D:11     | Killed Urug
 11204 | D:11     | Killed a boulder beetle
 11573 | D:12     | Received a gift from Nemelex Xobeh
 11583 | D:12     | Noticed an orc knight
 11602 | D:12     | Shot with a bolt by an orc knight

Illustrated notes

Levels and vault maps discovered:
D:1:      dpeg_arrival_rhombus, layout_loops_corners, serial_shops, shop_coins
D:2:      layout_basic, basic_altar, uniq_jessica
D:3:      layout_loops_corners, nicolae_figureground_pulse, uniq_natasha,
          uniq_terence, uniq_robin
D:4:      layout_basic, mainiacjoe_overflow_paths,
          nicolae_dithmenos_the_darkroom, minmay_temple_entry_glassed_door,
          nicolae_shop_sticking_my_neck_out
D:5:      layout_basic, vehumet_statue, gammafunk_temple_overflow_wave,
          nicolae_eternal_life
D:6:      layout_basic, cheibrodos_sewer_entry_bend
D:7:      layout_rooms, serial_shops, nicolae_shop_waterfront
D:8:      layout_cave_pools, kennysheep_mini, serial_co_window_serial,
          co_window_corner_a, co_window_of_opportunity_a, co_window_corner_a,
          co_window_corner_a, co_window_corner_a, co_window_broadway_b,
          co_window_corner_b, co_window_unsneaky_path_a, co_window_cross_4,
          co_window_2corner, co_window_corner_b, glass_columns_a
D:9:      layout_layer_cave, fedhas_altar_1
D:10:     layout_cave_pods, enter_bailey_5, uniq_josephine
D:11:     layout_basic, minmay_lair_entry_grove, abandoned_shop,
          minmay_misc_feat_x, minivault_19, nicolae_elevator_lobby_plus,
          uniq_lodul, uniq_urug, uniq_maurice
D:12:     minmay_cut_squares, layout_basic, hiddenorc2_lemuel, serial_shops,
          nicolae_shop_bloodbath_and_beyond, serial_bayou_pond_b,
          minmay_increasing_density

Skill      XL: |  1  2  3  4  5  6  7  8  9 10 11 |
---------------+----------------------------------+-----
Long Blades    | 3 4 5 6 7 9 |  9.4
Invocations    | 2 4 5 8 11 | 11.3
Stealth        | 5 |  5.7
Short Blades   | 3 7 |  7.9
Dodging        | 2 5 |  5.0
Fighting       | 6 8 |  8.5
Shields        | 2 3 |  3.8
Evocations     | 2 |  2.4
Armour         | 2 |  2.3

Action                     |  1- 3 |  4- 6 |  7- 9 | 10-12 || total
---------------------------+-------+-------+-------+-------++-------
  Melee: Falchion          |    13 |   175 |   186 |       ||   374
         Kick              |     3 |    11 |    35 |   127 ||   176
         Dagger            |       |     2 |   139 |   332 ||   473
         Unarmed           |       |     9 |       |       ||     9
         Punch             |       |     1 |     5 |     1 ||     7
   Fire: Shortbow          |       |    46 |    85 |       ||   131
  Throw: Javelin           |     6 |       |       |     1 ||     7
         Dart              |       |       |     6 |     2 ||     8
 Invoke: Draw Destruction  |       |     1 |     7 |     8 ||    16
         Draw Summoning    |       |       |       |     3 ||     3
  Evoke: Wand              |       |       |     1 |       ||     1
    Use: Scroll            |       |       |     5 |     8 ||    13
         Potion            |       |       |       |     1 ||     1
   Stab: Sleeping          |       |     9 |     5 |     1 ||    15
         Distracted        |       |     1 |     1 |     4 ||     6
 Armour: Leather armour    |     5 |    42 |    76 |    54 ||   177
         Ring mail         |       |    51 |    51 |       ||   102
         Acid dragon scale |       |       |     4 |       ||     4
  Dodge: Dodged            |     5 |   125 |   146 |   147 ||   423
  Block: Buckler           |       |       |       |    43 ||    43

Table legend: (Time is in decaauts)
 A = Elapsed time spent in this place.
 B = Non-inter-level travel time spent in this place.
 C = Inter-level travel time spent in this place.
 D = Time resting spent in this place.
 E = Time spent auto-exploring this place.
 F = Levels seen in this place.
 G = Mean time per level.
                   A        B        C        D        E       F      G
               +--------+--------+--------+--------+--------+-----+--------+
         Total |  11448 |  10872 |    576 |    988 |   7271 |  13 |  880.6 |
       Dungeon |  11231 |  10655 |    576 |    975 |   7224 |  12 |  935.9 |
        Bailey |    217 |    217 |      0 |     13 |     46 |   1 |  217.0 |
               +--------+--------+--------+--------+--------+-----+--------+

Top non-repeatable levels by time:
     D:9: 1399 daAuts
     D:5: 1378 daAuts
     D:8: 1170 daAuts
     D:3: 1104 daAuts
    D:11: 1088 daAuts
     D:2: 1041 daAuts
     D:1: 998 daAuts
     D:6: 856 daAuts
    D:10: 855 daAuts
     D:7: 700 daAuts
     D:4: 612 daAuts
  Bailey: 217 daAuts
    D:12: 23 daAuts
